 Dungeon Crawl Stone Soup version 0.17-a0-1020-ge683cc4 (webtiles) character file.

55 Inkie the Grasshopper (level 3, -4/16 HPs)
             Began as a Felid Warper on May 18, 2015.
             Was a Follower of Qazlal.
             Killed from afar by Natasha (7 damage)
             ... with a magic dart
             ... on level 3 of the Dungeon.
             The game lasted 00:22:11 (3655 turns).

Inkie the Grasshopper (Felid Warper)                Turns: 3655, Time: 00:22:11

Health: -4/16      AC:  3    Str:  9    XL:     3   Next: 67%
Magic:  5/7        EV: 18    Int: 15    God:    Qazlal [*.....]
Gold:   246        SH:  1    Dex: 15    Spells: 3 memorised, 1 level left
                                        Lives:  0   Deaths: 1

rFire  . . .     SeeInvis +       - Unarmed
rCold  . . .     Clarity  +     (armour unavailable)
rNeg   . . .     SustAb   .     (shield unavailable)
rPois  .         Gourm    .     (helmet unavailable)
rElec  .         Spirit   .     (cloak unavailable)
rCorr  .         Warding  .     (gloves unavailable)
rMut   .         Stasis   .     (boots unavailable)
MR     .....                    k - amulet of clarity
Stlth  ++........               b - +2 ring of protection
                                q - +2 ring of strength

@: very slightly contaminated, quick, not resistant to hostile enchantments,
unstealthy
A: no armour, no weapons or thrown items, claws 1, fangs 3, see invisible,
carnivore 3, speed 1, shaggy fur 1, slow metabolism 1, sharp paws
a: Renounce Religion


You were on level 3 of the Dungeon.
You worshipped Qazlal.
Qazlal was aware of your devotion.
You were not hungry.

You visited 1 branch of the dungeon, and saw 3 of its levels.

You collected 246 gold pieces.

Inventory:

Jewellery
 b - a +2 ring of protection (right paw)
 f - an uncursed ring of magical power
 k - an amulet of clarity (around neck)
 l - a +2 ring of strength
 q - a +2 ring of strength (left paw)
 r - a cursed amulet of guardian spirit {unknown}
Magical devices
 s - a wand of slowing (16)
Scrolls
 d - 2 scrolls of identify {unknown}
 n - 2 scrolls of teleportation {unknown}
 o - a scroll of fear {unknown}
 p - a scroll of random uselessness {unknown}
 t - 2 scrolls of immolation {unknown}
 u - 2 scrolls of remove curse
Potions
 e - a potion of haste {unknown}
 g - 3 potions of curing {unknown}
 h - 2 potions of flight {unknown}
 i - a potion of invisibility {unknown}
 j - a potion of ambrosia {unknown}
 m - 3 potions of degeneration {unknown}
 w - a potion of might
 x - a potion of lignification {unknown}
Books
 a - a book of Spatial Translocations

   Spells                             Type                      Level
   a - Apportation                    Translocation                1
   b - Blink                          Translocation                2
   c - Shroud of Golubria             Charms/Translocation         2
   d - Portal Projectile              Translocation                3
   e - Teleport Other                 Translocation                3
   f - Passage of Golubria            Translocation                4
Comestibles
 c - 2 meat rations
 v - a chunk of flesh


   Skills:
 + Level 2.2 Fighting
 + Level 3.7 Dodging
 - Level 0.4 Stealth
 + Level 4.4 Unarmed Combat
 - Level 2.0 Spellcasting
 - Level 4.4 Translocations


You had one spell level left.
You knew the following spells:

 Your Spells              Type           Power        Failure   Level  Hunger
a - Apportation           Tloc           ##........   4%          1    #......
b - Blink                 Tloc           N/A          8%          2    ###....
c - Shroud of Golubria    Chrm/Tloc      #.........   14%         2    ###....


Dungeon Overview and Level Annotations

Branches:
Dungeon (3/15)

Altars:
Fedhas
Makhleb
Qazlal
Sif Muna
Yredelemnul

Annotations:
D:3 Natasha


Innate Abilities, Weirdness & Mutations

You cannot wear armour.
You are incapable of wielding weapons or throwing items.
You have sharp claws.
You have razor-sharp teeth.
You have supernaturally acute eyesight.
You are carnivorous and can eat meat at any time.
You cover ground quickly.
You are covered in fur (AC +1).
You have a slow metabolism.
Your sharp claws are effective at attacking unaware monsters.


Message History

Natasha seems to grow stronger.
Casting: Shroud of Golubria
Confirm with . or Enter, or press ? or * to list all spells.
You miscast Shroud of Golubria.
You are very lightly contaminated with residual magic.
Strange energies run through your body.
Natasha stares next to you and mumbles some strange words.
A cloud of flames roars to life!
You scratch Natasha.
Natasha begins to bleed from her wounds!
Natasha is moderately wounded.
Natasha claws you!
Ouch! That really hurt!
* * * LOW HITPOINT WARNING * * *
Unknown command.
You barely miss Natasha. You bite Natasha.
Natasha is almost dead.
Natasha stares at you and mumbles some strange words.
The magic dart hits you!
You die...

#.....§...#
####..#+### ##.#.#
#...# #######†.#
.........#####
.....(.......#####
...............h$#
.........#####.#@#
.........# ...#§#
........># #####.#
........## #.#
.)......# #.#
........# ?..
........# #.#
........# #.#
#########


You could see Natasha (bleeding).

Vanquished Creatures
  Natasha (twice) (D:3)
  3 oozes
  A worm (D:3)
  A giant gecko (D:3)
  An orc (D:3)
  10 bats
  4 giant cockroaches
  10 goblins
  4 hobgoblins
  2 jackals (D:2)
  8 kobolds
  8 giant newts
  9 rats
63 creatures vanquished.

Notes
Turn   | Place    | Note
--------------------------------------------------------------
     0 | D:1      | Inkie the Felid Warper began the quest for the Orb.
     0 | D:1      | Reached XP level 1. HP: 9/9 MP: 4/4
   461 | D:1      | Reached XP level 2. HP: 10/13 MP: 6/6
   727 | D:1      | Learned a level 2 spell: Blink
   730 | D:1      | Learned a level 2 spell: Shroud of Golubria
   981 | D:1      | Reached XP level 3. HP: 16/16 MP: 7/7
  1231 | D:2      | Found a stormy altar of Qazlal.
  1231 | D:2      | Found a blossoming altar of Fedhas.
  1308 | D:2      | Became a worshipper of Qazlal Stormbringer
  1741 | D:2      | Found a burning altar of Makhleb.
  2034 | D:2      | Found a deep blue altar of Sif Muna.
  2116 | D:2      | Found a basalt altar of Yredelemnul.
  2464 | D:3      | Acquired Qazlal's first power
  2909 | D:3      | Noticed Natasha
  2922 | D:3      | Killed Natasha
  2922 | D:3      | Reached XP level 4. HP: 7/19 MP: 8/8
  3123 | D:3      | Noticed Natasha
  3130 | D:3      | Killed Natasha
  3351 | D:3      | Slain by a giant frog zombie
  3352 | D:3      | Reached XP level 3. HP: -1/16 MP: 13/16
  3652 | D:3      | Noticed Natasha
  3655 | D:3      | Killed from afar by Natasha

Vault maps used:
D:1:      minmay_arrival_up_and_down
D:2:      lemuel_blue_sif_altar, yredelemnul_altar_generic,
          nicolae_overflow_crystal_walls, grunt_temple_overflow_forces_of_nature
D:3:      first_bread, uniq_natasha

Action                   |  1- 3 |  4- 6 || total
-------------------------+-------+-------++-------
Melee: Unarmed           |   181 |    24 ||   205
 Cast: Shroud of Golubri |     2 |     1 ||     3
       Blink             |       |     2 ||     2
Evoke: Wand              |     1 |     1 ||     2
  Use: Scroll            |     1 |     1 ||     2
 Stab: Sleeping          |     2 |       ||     2
  Eat: Chunk             |     1 |     2 ||     3
